 Dungeon Crawl Stone Soup version 0.31.0-32-g396128a36d (webtiles) character file.

Game seed: 15140793587483902842

318 smashvw the Poker (level 6, -6/56 HPs)
             Began as a Hill Orc Monk on Mar 19, 2024.
             Mangled by a gnoll
             ... wielding a +1 antimagic halberd
              (10 damage)
             ... on level 4 of the Dungeon.
             The game lasted 00:10:14 (3949 turns).

smashvw the Poker (Hill Orc Monk)                   Turns: 3949, Time: 00:10:15

Health: -6/56      AC:  7    Str: 16    XL:     6   Next: 45%
Magic:  0/6        EV: 12    Int: 10    God:
Gold:   197        SH:  0    Dex: 13    Spells: 5/5 levels left

rFire   + . .        a - +0 spear
rCold   . . .        d - orb {light}
rNeg    . . .        b - +0 robe
rPois   .            (no helmet)
rElec   .            B - +2 cloak
rCorr   .            t - +0 pair of gloves
SInv    .            j - +0 pair of boots
Will    .....        (no amulet)
Stlth   +            i - ring of protection from fire
HPRegen 0.29/turn    (no ring)
MPRegen 0.10/turn

%: no passive effects
@: glowing
A: no striking features
a: no special abilities


You were on level 4 of the Dungeon.
You visited 1 branch of the dungeon, and saw 4 of its levels.

You collected 197 gold pieces.

Inventory:

Hand Weapons
 a - a +0 spear (weapon)
Missiles
 g - 26 stones (quivered)
 h - 21 poisoned darts
 y - 2 boomerangs
Armour
 b - a +0 robe (worn)
 d - an orb of light (worn)
 j - a +0 pair of boots (worn)
 t - a +0 pair of gloves (worn)
 B - a +2 cloak (worn)
Jewellery
 i - a ring of protection from fire (left hand)
 m - a ring of magical power
Talismans
 n - a beast talisman
 w - a maw talisman
Wands
 r - a wand of charming (5)
 C - a wand of flame (25)
Scrolls
 e - a scroll of enchant armour {unknown}
 l - a scroll of silence
 o - 2 scrolls of poison {unknown}
 p - a scroll of fog {unknown}
 q - 2 scrolls of amnesia {unknown}
 v - a scroll of fear {unknown}
 x - a scroll of revelation
 z - a scroll of acquirement {unknown}
 A - 2 scrolls of identify
Potions
 c - 2 potions of curing
 f - 2 potions of haste
 k - a potion of degeneration {unknown}
 s - a potion of brilliance {unknown}
 u - a potion of attraction {unknown}
 D - a potion of invisibility {unknown}


   Skills:
 + Level 5.6 Fighting
 + Level 6.5 Polearms
 - Level 2.4 Dodging
 + Level 0.3 Stealth


You had 5 spell levels left.
You didn't know any spells.
Your spell library contained the following spells:

 Spells                   Type           Power      Damage    Failure   Level
 Call Canine Familiar     Summ           0%         N/A       75%         3
 Frozen Ramparts          Ice            0%         1d1       75%         3
 Sigil of Binding         Hex            0%         N/A       75%         3
 Dimensional Bullseye     Hex/Tloc       0%         N/A       98%         4
 Leda's Liquefaction      Alch/Erth      0%         N/A       98%         4
 Petrify                  Alch/Erth      0%         N/A       98%         4
 Metabolic Englaciation   Hex/Ice        0%         N/A       100%        5


Dungeon Overview and Level Annotations

Branches:
Dungeon (4/15)
 Temple: D:4-7

Altars:

Shops:
D:1 !**!:


Message History

The gnoll is moderately wounded.
The gnoll barely misses you.
Reach: a) +0 spear
Press: ? - help, Dir - move target, f/p - gnoll
Aim: a gnoll, wielding a +1 antimagic halberd and wearing a +0 scale mail (moderately wounded, haloed, about 13% to evade your +0 spear)
You reach to attack!
You barely miss the gnoll.
The gnoll is moderately wounded.
The gnoll closely misses you.
Reach: a) +0 spear
Press: ? - help, Dir - move target, f/p - gnoll
Aim: a gnoll, wielding a +1 antimagic halberd and wearing a +0 scale mail (moderately wounded, haloed, about 13% to evade your +0 spear)
You reach to attack!
You hit the gnoll.
The gnoll is heavily wounded.
Reach: a) +0 spear
Press: ? - help, Dir - move target, f/p - gnoll
Aim: a gnoll, wielding a +1 antimagic halberd and wearing a +0 scale mail (heavily wounded, haloed, about 13% to evade your +0 spear)
You reach to attack!
You hit the gnoll but do no damage.
The gnoll is heavily wounded.
The gnoll closely misses you.
Reach: a) +0 spear
Press: ? - help, Dir - move target, f/p - gnoll
Aim: a gnoll, wielding a +1 antimagic halberd and wearing a +0 scale mail (heavily wounded, haloed, about 13% to evade your +0 spear)
You reach to attack!
You hit the gnoll.
The gnoll is severely wounded.
The gnoll barely misses you.
Reach: a) +0 spear
Press: ? - help, Dir - move target, f/p - gnoll
Aim: a gnoll, wielding a +1 antimagic halberd and wearing a +0 scale mail (severely wounded, haloed, about 13% to evade your +0 spear)
You reach to attack!
You hit the gnoll but do no damage.
The gnoll is severely wounded.
The gnoll hits you from afar with a +1 antimagic halberd!
* * * LOW HITPOINT WARNING * * *
You feel your power leaking away.
Reach: a) +0 spear
Press: ? - help, Dir - move target, f/p - gnoll
Aim: a gnoll, wielding a +1 antimagic halberd and wearing a +0 scale mail (severely wounded, haloed, about 13% to evade your +0 spear)
You reach to attack!
You hit the gnoll.
The gnoll is almost dead.
The gnoll hits you from afar with a +1 antimagic halberd!
You die...

.#.......# #..#
.#.......# #..#
##..######8 #..#
...## # . ...# ####
.#. #..# ... #gg# #.#
##g######
#.###)........
#..@######### ##.##
#########.#
#.........#
#.######### #.# #.#
####### # #.# #.....#
#####
####)##########.....#
....


You could see 2 gnolls and a goblin.

Vanquished Creatures
  A hound (D:4)
  An orc priest (D:4)
  Jessica (D:2)
  Natasha (thrice) (D:2)
  4 adders
  A gnoll (D:4)
  6 dart slugs
  8 orcs
  3 endoplasms
  A giant cockroach (D:4)
  9 hobgoblins
  8 jackals
  3 quokkas
  10 ball pythons
  4 bats
  2 frilled lizards
  9 goblins
  11 kobolds
  5 rats
90 creatures vanquished.

Notes
Turn   | Place    | Note
-------+----------+-------------------------------------------
     0 | D:1      | smashvw the Hill Orc Monk began the quest for the Orb.
     0 | D:1      | Reached XP level 1. HP: 19/19 MP: 1/1
    13 | D:1      | Found Juqey's General Store.
    13 | D:1      | Found Konisho's Assorted Antiques.
    42 | D:1      | Found Baesebun's Distillery.
    58 | D:1      | Found Soawk's Book Shop.
    97 | D:1      | Reached XP level 2. HP: 23/27 MP: 2/2
   305 | D:1      | Found Xene's Distillery.
   320 | D:1      | Reached skill level 4 in Polearms
   323 | D:1      | Reached XP level 3. HP: 16/33 MP: 3/3
  1068 | D:2      | Reached XP level 4. HP: 8/41 MP: 4/4
  1469 | D:2      | Noticed Natasha
  1486 | D:2      | Killed Natasha
  1671 | D:2      | Noticed Jessica
  1688 | D:2      | Killed Jessica
  1689 | D:2      | Reached skill level 5 in Fighting
  1689 | D:2      | Reached skill level 5 in Polearms
  1689 | D:2      | Reached XP level 5. HP: 29/48 MP: 5/5
  1919 | D:2      | Noticed Natasha
  1943 | D:2      | Killed Natasha
  2209 | D:2      | Noticed Natasha
  2228 | D:2      | Killed Natasha
  2818 | D:3      | Reached skill level 6 in Polearms
  3177 | D:4      | Reached XP level 6. HP: 43/56 MP: 6/6
  3949 | D:4      | Mangled by a gnoll

Illustrated notes

Levels and vault maps discovered:
D:1:      roadster_arrival_rocket_small, layout_basic, serial_shops, shop,
          nicolae_shop_peninsula, nicolae_shop_industrial_runoff, shop, shop,
          kennysheep_nondescript
D:2:      layout_loops_ring, kennysheep_generic_room_12, uniq_natasha,
          uniq_jessica
D:3:      layout_basic, dk_noncrumbling_4
D:4:      kennysheep_the_goblin_king, layout_loops_ring,
          serial_library_hellmonk_recessed_alcove, minmay_crystal_water,
          uniq_edmund

Skill      XL: |  1  2  3  4  5 |
---------------+----------------+-----
Fighting       | 4 5 |  5.6
Polearms       | 4 5 6 |  6.5
Dodging        | |  2.4
Stealth        | |  0.3

Action                     |  1- 3 |  4- 6 || total
---------------------------+-------+-------++-------
  Melee: Spear             |   111 |   288 ||   399
    Use: Potion            |       |     2 ||     2
         Scroll            |       |     3 ||     3
 Armour: Robe              |    51 |   129 ||   180
  Dodge: Dodged            |    53 |   129 ||   182
